[Event "Team 45 45 League T27"]
[Site "Internet Chess Club"]
[Date "2005.07.05"]
[Round "3"]
[White "Loco-Motif"]
[Black "room-matt"]
[Result "0-1"]
[WhiteElo "1812"]
[BlackElo "1839"]
[TimeControl "2700+45"]

1. d4 Nf6 2. c4 e5 3. dxe5 Ng4 4. Bf4 Nc6 5. Nf3 Bb4+ 6. Nbd2 Qe7 7. a3 Ncxe5 8.
Nxe5 Nxe5 9. e3 Bxd2+ 10. Qxd2 d6 11. Qc3 b6 12. b4 Bb7 13. Be2 Bxg2 14. Rg1 Be4
15. Rxg7 Bg6 16. O-O-O Qf6 17. Bf3 O-O-O 18. Rxg6 hxg6 19. c5 bxc5 20. bxc5 Rd7
21. cxd6 Re8 22. Bc6 cxd6 23. Bxd7+ Kxd7 24. Qa5 Rc8+ 25. Kb1 Rb8+ 26. Ka2 Ke8
27. Qa4+ Kf8 28. Qd4 Rb6 29. Rd2 Qf5 30. Bh6+ {White disconnected and forfeits}
0-1

[Event "Team 45 45 League T27"]
[Site "Internet Chess Club"]
[Date "2005.07.02"]
[Round "3"]
[White "chessateer"]
[Black "Kingofknights"]
[Result "0-1"]
[WhiteElo "1823"]
[BlackElo "1778"]
[TimeControl "2700+45"]

1. e4 c6 2. d4 d5 3. exd5 cxd5 4. c4 Nf6 5. cxd5 Nxd5 6. Nc3 a6 7. Qb3 e6 8. Nf3
Nc6 9. Be2 Be7 10. O-O O-O 11. Be3 b5 12. Rac1 Bb7 13. Ne4 Na5 14. Qd3 Nb4 15.
Qb1 Nxa2 16. Qxa2 Bxe4 17. Ne5 Bd5 18. Qb1 Qd6 19. Bd3 g6 20. Bh6 Rfc8 21. Nxg6
hxg6 22. Bxg6 e5 23. Rxc8+ Rxc8 24. Bxf7+ Bxf7 {White resigns} 0-1

[Event "Team 45 45 League T27"]
[Site "Internet Chess Club"]
[Date "2005.07.03"]
[Round "3"]
[White "DaveTheRook"]
[Black "jantonio"]
[Result "0-1"]
[WhiteElo "1690"]
[BlackElo "1656"]
[TimeControl "2700+45"]

1. d4 Nf6 2. c4 g6 3. Nc3 Bg7 4. e4 d6 5. f3 O-O 6. Be3 Nc6 7. Qd2 e5 8. d5 Nd4
9. Nge2 Nh5 10. Nxd4 exd4 11. Bxd4 Bxd4 12. Qxd4 Qh4+ 13. Qf2 Qxf2+ 14. Kxf2 a6
15. Be2 f5 16. exf5 Bxf5 17. g4 Bxg4 18. Kg2 Nf4+ 19. Kg3 Nxe2+ 20. Kxg4 Rf4+
21. Kg5 Raf8 {White resigns} 0-1

[Event "Team 45 45 League T27"]
[Site "Internet Chess Club"]
[Date "2005.07.02"]
[Round "3"]
[White "sigma33"]
[Black "az2112"]
[Result "1/2-1/2"]
[WhiteElo "1563"]
[BlackElo "1648"]
[TimeControl "2700+45"]

1. d4 Nf6 2. Nf3 g6 3. Bf4 d6 4. e3 Bg7 5. c3 Nh5 6. Bd3 Nxf4 7. exf4 O-O 8. O-O
e6 9. Nbd2 Nd7 10. Ne4 Nf6 11. Re1 Nd5 12. g3 b6 13. Qa4 Bb7 14. Ba6 Bxa6 15.
Qxa6 c5 16. dxc5 dxc5 17. Rad1 Qe7 18. Re2 Rfd8 19. Red2 Nc7 20. Qe2 Rd5 21. Kf1
{Game drawn by mutual agreement} 1/2-1/2

[Event "Team 45 45 League T27"]
[Site "Internet Chess Club"]
[Date "2005.07.01"]
[Round "3"]
[White "DocHoliday"]
[Black "bassdv8rb"]
[Result "0-1"]
[WhiteElo "1907"]
[BlackElo "1793"]
[TimeControl "2700+45"]

1. e4 d6 2. d4 Nf6 3. Bd3 e5 4. c3 Be7 5. f4 Nbd7 6. Nf3 O-O 7. O-O Re8 8. fxe5
dxe5 9. Bg5 c6 10. h3 Nh5 11. Bxe7 Qxe7 12. Bc4 Kh8 13. Nxe5 Nxe5 14. dxe5 Qc5+
15. Kh2 Qxe5+ 16. Kg1 Qc5+ 17. Kh2 Qxc4 18. b3 Qc5 19. Rxf7 Qe5+ 20. Kg1 Bxh3
21. Qf3 Be6 22. Rxb7 Rf8 23. Qe3 Nf6 24. Nd2 Ng4 25. Qd4 Qh2# {White checkmated}
0-1

[Event "Team 45 45 League T27"]
[Site "Internet Chess Club"]
[Date "2005.07.01"]
[Round "3"]
[White "Chessnut"]
[Black "scyther314159"]
[Result "1-0"]
[WhiteElo "1692"]
[BlackElo "1575"]
[TimeControl "2700+45"]

1. e4 e5 2. Nf3 Nc6 3. Bb5 a6 4. Ba4 Nf6 5. O-O b5 6. Bb3 Bb7 7. d3 Bc5 8. c3 d6
9. Bg5 Qe7 10. Bc2 O-O-O 11. b4 Bb6 12. a4 Rdg8 13. axb5 axb5 14. Na3 h6 15. Bd2
Ng4 16. Be1 h5 17. Nxb5 Nh6 18. Bb3 g5 19. Bd5 g4 20. Nd2 h4 21. Nc4 g3 22.
Nxb6+ cxb6 23. fxg3 hxg3 24. Bxg3 Rxg3 25. hxg3 Qg5 26. Nxd6+ Kc7 27. Nxb7 Qe3+
28. Rf2 Ng4 29. Qxg4 Qh6 30. Qh3 {Black resigns} 1-0

[Event "Team 45 45 League T27"]
[Site "Internet Chess Club"]
[Date "2005.07.04"]
[Round "3"]
[White "HiLo"]
[Black "RingLord"]
[Result "0-1"]
[WhiteElo "1351"]
[BlackElo "1607"]
[TimeControl "2700+45"]

1. g4 Nc6 2. Bg2 d5 3. c4 d4 4. Qa4 Bd7 5. Qb5 Qc8 6. d3 a6 7. Qb3 e5 8. Nf3 Bd6
9. c5 Be6 10. Qa4 Bxc5 11. Nxe5 Bd7 12. Qc4 Nxe5 13. Qxc5 Nxg4 14. Qxd4 N4f6 15.
Bd2 Ne7 16. Bb4 Nf5 17. Qe5+ Be6 18. Nc3 a5 19. Ba3 Ne7 20. Nb5 Kd8 21. O-O Qd7
22. Rfc1 c6 23. Nd6 Ng6 24. Qg3 Nd5 25. Bxd5 Bxd5 26. e4 Be6 27. d4 b5 28. d5
cxd5 29. exd5 Bxd5 30. Rd1 Qe6 31. Nxb5 Ne5 32. Nc7 Kxc7 33. Rac1+ Kb7 34. Rc5
Nf3+ 35. Kh1 Nd4+ 36. Rxd5 Qxd5+ 37. Qg2 Qxg2+ 38. Kxg2 Nc6 39. Rd7+ Ka6 40.
Rxf7 Nb4 41. b3 Rhf8 42. Rxg7 Rg8 43. Rxg8 Rxg8+ 44. Kf3 Nxa2 45. Bb2 Rc8 46.
Ke3 Rc2 47. Bg7 Nc1 48. f4 Rxh2 49. f5 Nxb3 50. f6 Nc5 51. Kd4 Rh5 52. f7 Nd7
53. Ke4 a4 54. Kf4 a3 55. Kg4 Rb5 56. Kf4 a2 57. Ke4 Rg5 58. Bh8 h5 59. Kf4 Ra5
60. Ke3 Nf8 61. Kf3 a1=Q 62. Bxa1 Rxa1 63. Kf4 Rf1+ 64. Kg5 Rxf7 65. Kxh5 Rg7
66. Kh6 Rg6+ 67. Kh5 Kb5 68. Kh4 Kc4 69. Kh5 Kd4 70. Kh4 Ke4 71. Kh5 Kf4 72. Kh4
Rh6# {White checkmated} 0-1

[Event "Team 45 45 League T27"]
[Site "Internet Chess Club"]
[Date "2005.07.03"]
[Round "3"]
[White "fledermaus"]
[Black "billarvola"]
[Result "1-0"]
[WhiteElo "2110"]
[BlackElo "1986"]
[TimeControl "2700+45"]

1. d4 d5 2. c4 e6 3. Nc3 Be7 4. Nf3 Nf6 5. Bg5 h6 6. Bh4 O-O 7. e3 b6 8. Rc1 Bb7
9. Bxf6 Bxf6 10. cxd5 exd5 11. b4 c5 12. bxc5 bxc5 13. dxc5 Nd7 14. Be2 Nxc5 15.
O-O Ne4 16. Nd4 Rc8 17. Qb3 Nxc3 18. Rxc3 Rxc3 19. Qxc3 Qb6 20. Qa1 Rc8 21. Rb1
Qc7 22. Qb2 Bc6 23. Rc1 Qd7 24. g3 Ba4 25. Bf3 Rxc1+ 26. Qxc1 Bxd4 27. exd4 Bc6
28. Qc5 g6 29. Kg2 Kg7 30. h3 f5 31. Qa3 h5 32. Qe3 Kh7 33. Qe5 Kg8 34. Qf6 Kh7
35. Qg5 Kg7 36. Bxh5 Qf7 37. Bf3 Kh7 38. h4 Be8 39. Kh2 Kh8 40. Qf4 Bc6 41. Kg2
Qd7 42. Qh6+ Qh7 43. Qf8+ Qg8 44. Qf6+ {Black resigns} 1-0

[Event "Team 45 45 League T27"]
[Site "Internet Chess Club"]
[Date "2005.07.01"]
[Round "3"]
[White "nminwalla"]
[Black "viking99"]
[Result "1-0"]
[WhiteElo "1921"]
[BlackElo "1853"]
[TimeControl "2700+45"]

1. e4 e6 2. d4 d5 3. Nd2 Nf6 4. e5 Nfd7 5. Bd3 c5 6. c3 Nc6 7. Ne2 Qb6 8. Nf3
Be7 9. O-O f6 10. Nf4 Nd8 11. exf6 Nxf6 12. Re1 O-O 13. Ng5 c4 14. Bc2 a5 15.
Qe2 Ra6 16. Nh5 g6 17. Nxf6+ Bxf6 18. Nxh7 Kxh7 19. Qh5+ Kg8 20. Qxg6+ Bg7 21.
Bh6 Rf7 22. Bxg7 Rd7 23. Bh6+ Kh8 24. Qe8# {Black checkmated} 1-0

[Event "Team 45 45 League T27"]
[Site "Internet Chess Club"]
[Date "2005.07.05"]
[Round "3"]
[White "bmw2002"]
[Black "vvsi"]
[Result "0-1"]
[WhiteElo "1613"]
[BlackElo "1852"]
[TimeControl "2700+45"]

1. c4 e5 2. Nc3 Ne7 3. g3 Nbc6 4. Bg2 g6 5. e4 d6 6. Nge2 f5 7. d4 exd4 8. Nxd4
Bg7 9. Nde2 O-O 10. O-O Be6 11. Nd5 Qd7 12. Nef4 Bxd5 13. exd5 Nd8 14. Rb1 g5
15. Nh5 Bh6 16. Nf6+ Rxf6 17. Qh5 Nf7 18. b3 g4 19. f3 Bxc1 20. Rbxc1 Rh6 21.
Qxh6 Nxh6 22. fxg4 fxg4 23. Rf6 Nhf5 24. Rf1 Rf8 25. Re6 Ng7 26. Rxf8+ Kxf8 27.
Rf6+ Kg8 28. Be4 Nef5 29. h3 Nxg3 {White resigns} 0-1

[Event "Team 45 45 League T27"]
[Site "Internet Chess Club"]
[Date "2005.07.04"]
[Round "3"]
[White "Gardener"]
[Black "GoIrish"]
[Result "1-0"]
[WhiteElo "1648"]
[BlackElo "1597"]
[TimeControl "2700+45"]

1. d4 Nf6 2. Nf3 g6 3. e3 Bg7 4. c3 O-O 5. Bd3 d6 6. O-O Nc6 7. Nbd2 e5 8. Qc2
Re8 9. Re1 Bg4 10. e4 Nh5 11. d5 Ne7 12. h3 Bxf3 13. Nxf3 Rf8 14. Bd2 f5 15. Ng5
Qc8 16. Ne6 Rf7 17. g4 Nf4 18. Bxf4 exf4 19. exf5 gxf5 20. Ng5 fxg4 21. Nxf7
Kxf7 22. Re6 Nxd5 23. Bf5 gxh3 24. Re7+ Nxe7 25. Bxc8 Rxc8 26. Qe4 Ng6 27. Qf5+
Bf6 28. Qxc8 {Black resigns} 1-0

[Event "Team 45 45 League T27"]
[Site "Internet Chess Club"]
[Date "2005.07.02"]
[Round "3"]
[White "Burning-Bush"]
[Black "taroak"]
[Result "1-0"]
[WhiteElo "2132"]
[BlackElo "1879"]
[TimeControl "2700+45"]

1. d4 Nf6 2. c4 e6 3. Nf3 Bb4+ 4. Nbd2 b6 5. a3 Bxd2+ 6. Bxd2 h6 7. g3 Bb7 8.
Bg2 O-O 9. O-O d6 10. b4 Nbd7 11. Bc3 Be4 12. Rc1 a6 13. Bb2 c5 14. dxc5 bxc5
15. Qxd6 Rb8 16. Rfd1 Rb6 17. Qf4 Qa8 18. Bc3 e5 19. Qd2 g5 20. h3 Re8 21. Qe3
Nf8 22. Qxc5 Rc6 23. Qa5 Rxc4 24. Bxe5 Rxc1 25. Rxc1 N8d7 26. Bd4 Rc8 27. Re1
Rc2 28. Bxf6 Nxf6 29. Qe5 g4 30. Qxf6 gxf3 31. Bxf3 Bxf3 32. exf3 {Black
resigns} 1-0

[Event "Team 45 45 League T27"]
[Site "Internet Chess Club"]
[Date "2005.07.02"]
[Round "3"]
[White "trikmamak"]
[Black "Ruger"]
[Result "1-0"]
[WhiteElo "2205"]
[BlackElo "2103"]
[TimeControl "2700+45"]

1. e4 c5 2. Nf3 d6 3. d4 cxd4 4. Nxd4 Nf6 5. Nc3 a6 6. f3 e6 7. Be3 Qc7 8. g4
Nc6 9. Qd2 b5 10. Nxc6 Qxc6 11. a4 b4 12. Na2 d5 13. g5 Nd7 14. Nxb4 Bxb4 15.
Qxb4 dxe4 16. Qxe4 Bb7 17. Qxc6 Bxc6 18. Be2 O-O 19. b3 f6 20. gxf6 Rxf6 21.
O-O-O Nf8 22. Rhf1 e5 23. Bc4+ Kh8 24. f4 e4 25. Bd4 Rg6 26. f5 Rg2 27. Rg1 e3
28. Rxg2 Bxg2 29. Rg1 Rd8 30. Bc3 e2 31. Bxe2 {Black resigns} 1-0

[Event "Team 45 45 League T27"]
[Site "Internet Chess Club"]
[Date "2005.07.03"]
[Round "3"]
[White "onslaught"]
[Black "DeLaSalle"]
[Result "1-0"]
[WhiteElo "2148"]
[BlackElo "2058"]
[TimeControl "2700+45"]

1. e4 d5 2. exd5 Nf6 3. d4 Bg4 4. Nf3 Qxd5 5. Be2 Nc6 6. h3 Bxf3 7. Bxf3 Qd7 8.
O-O O-O-O 9. c3 e5 10. Qb3 exd4 11. cxd4 Nd5 12. Nc3 Ndb4 13. Be3 Na5 14. Qd1
Nc4 15. a3 Nc6 16. Qb3 N6a5 17. Qa2 Kb8 18. b4 Nxe3 19. fxe3 Nc6 20. Qc4 Qe6 21.
Qxe6 fxe6 22. Bxc6 bxc6 23. Ne4 g6 24. g4 Bd6 25. Rac1 Kb7 26. Rf7 Kb6 27. Nf6
Rdf8 28. Nd7+ Kb7 29. Nxf8 Rxf8 30. Rxf8 Bxf8 31. Rf1 Bh6 32. Rf3 Kb6 33. Kf2
Kb5 34. Rf7 a5 35. bxa5 Kxa5 36. h4 {Black resigns} 1-0

[Event "Team 45 45 League T27"]
[Site "Internet Chess Club"]
[Date "2005.07.04"]
[Round "3"]
[White "DTK"]
[Black "kikian"]
[Result "0-1"]
[WhiteElo "1949"]
[BlackElo "2093"]
[TimeControl "2700+45"]

1. e4 d6 2. d4 Nf6 3. Nc3 g6 4. f4 Bg7 5. Nf3 O-O 6. Be3 b6 7. Bd3 Ng4 8. Bg1 c5
9. h3 Nh6 10. Qd2 Bb7 11. O-O-O Nc6 12. d5 Nb4 13. a3 Nxd3+ 14. Qxd3 a6 15. g4
Kh8 16. g5 Ng8 17. h4 h5 18. gxh6 Nxh6 19. h5 Kg8 20. hxg6 f5 21. Ng5 Bc8 22.
Rxh6 Bxh6 23. Qh3 Kg7 24. Nf7 Bxf4+ 25. Kb1 Rh8 26. Nxh8 Qxh8 27. Qxh8+ Kxh8 28.
exf5 Bxf5 29. Rf1 Rf8 30. Rxf4 Bxc2+ 31. Kxc2 Rxf4 32. Be3 Rg4 33. Kd3 Kg7 34.
Ne2 Kxg6 35. Bd2 Kf5 36. Bc3 e6 37. dxe6 Kxe6 38. Bd2 d5 39. b4 Rh4 40. bxc5
bxc5 41. Nf4+ Kf5 42. Ne2 Rh3+ 43. Kc2 Rxa3 44. Kb2 Rh3 45. Nc3 Ke5 46. Na4 c4
47. Bg5 d4 48. Nc5 a5 49. Bd8 Kd5 50. Na4 Rh2+ 51. Kb1 c3 52. Bxa5 Kc4 53. Bd8
d3 54. Bf6 Rh1+ 55. Ka2 d2 56. Nxc3 Rc1 57. Na4 Rc2+ 58. Ka3 d1=Q 59. Nb2+ Rxb2
{White resigns} 0-1

[Event "Team 45 45 League T27"]
[Site "Internet Chess Club"]
[Date "2005.06.29"]
[Round "3"]
[White "bhim"]
[Black "VentasD"]
[Result "1-0"]
[WhiteElo "2326"]
[BlackElo "2196"]
[TimeControl "2700+45"]

1. d4 Nf6 2. c4 e6 3. Nc3 Bb4 4. e3 c5 5. Nf3 cxd4 6. exd4 d5 7. Bd3 dxc4 8.
Bxc4 Nd5 9. Bd2 Nxc3 10. bxc3 Be7 11. O-O O-O 12. Ne5 Nd7 13. f4 Nxe5 14. fxe5
Bg5 15. Bd3 Bxd2 16. Qxd2 Bd7 17. Rf3 Bc6 18. Rh3 h6 19. Rg3 Qh4 20. Rf1 f5 21.
exf6 Rxf6 22. Rxf6 Qxf6 23. Rg6 Qh4 24. Rxe6 Rf8 25. Qe2 Qg5 26. h3 Qf4 27. Re5
Qc1+ 28. Qe1 Qb2 29. d5 Bb5 30. Bxb5 Qxb5 31. Qe2 Qc5+ 32. Qe3 Qc4 33. d6 Qf1+
34. Kh2 Rd8 35. Re8+ Rxe8 36. Qxe8+ Kh7 37. Qe4+ g6 38. d7 Qf6 39. Qd4 Qd8 40.
Qd5 h5 41. Qf7+ Kh6 42. Qe8 Qc7+ 43. Kh1 Qxc3 44. d8=Q Qc1+ 45. Kh2 Qf4+ 46. Kg1
Qc1+ 47. Kf2 Qc2+ 48. Qe2 Qf5+ 49. Kg1 Qc5+ 50. Kh2 {Black resigns} 1-0

[Event "Team 45 45 League T27"]
[Site "Internet Chess Club"]
[Date "2005.07.03"]
[Round "3"]
[White "Kolibri"]
[Black "kokomo"]
[Result "1/2-1/2"]
[WhiteElo "2057"]
[BlackElo "2213"]
[TimeControl "2700+45"]

1. e4 d6 2. d4 Nf6 3. Nc3 g6 4. f4 Bg7 5. Nf3 c5 6. Bb5+ Bd7 7. Bxd7+ Nfxd7 8.
d5 b5 9. O-O b4 10. Nb1 Nb6 11. Qe2 N8d7 12. c3 a5 13. a3 O-O 14. axb4 axb4 15.
Rxa8 Qxa8 16. cxb4 cxb4 17. b3 Qa5 18. Be3 Rc8 19. Nd4 Nb8 20. f5 N6d7 21. fxg6
hxg6 22. h4 Ne5 23. h5 Qa6 24. Qf2 Bf6 25. hxg6 fxg6 26. Qg3 Qd3 27. Qh3 Nbd7
28. Qe6+ Kg7 29. Bf2 Qxe4 30. Nc6 Qg4 31. Qxg4 Nxg4 32. Nxb4 Rb8 33. Nc6 Rxb3
34. Nd4 Rb2 35. Ne6+ Kg8 36. Na3 Nc5 37. Nc4 Rxf2 38. Rxf2 Nxf2 39. Kxf2 Nxe6
40. dxe6 Bd4+ 41. Kf3 d5 42. Na5 Kg7 43. Nc6 Bc5 44. Ne5 Bg1 45. Nd7 g5 46. g4
Kg6 47. Ke2 Kg7 {Game drawn by mutual agreement} 1/2-1/2

[Event "Team 45 45 League T27"]
[Site "Internet Chess Club"]
[Date "2005.07.01"]
[Round "3"]
[White "Catalog"]
[Black "trevor21"]
[Result "0-1"]
[WhiteElo "2089"]
[BlackElo "2105"]
[TimeControl "2700+45"]

1. e4 e6 2. d3 d5 3. Nd2 Nf6 4. g3 c5 5. Bg2 Be7 6. Ngf3 Nc6 7. O-O O-O 8. e5
Nd7 9. Re1 b5 10. Nf1 a5 11. h4 b4 12. Bf4 a4 13. a3 Nb6 14. N1h2 c4 15. d4 c3
16. bxc3 bxc3 17. Ng5 h6 18. Qh5 Nxd4 19. Bh3 Nf5 20. Bxf5 exf5 21. Ngf3 Nc4 22.
Bxh6 gxh6 23. Qxh6 Ra6 24. e6 Rxe6 25. Rxe6 Bxe6 26. Re1 Bf6 27. Ng5 Bxg5 28.
hxg5 Re8 29. Nf3 Qe7 30. Nh4 Qf8 31. Qh5 Bd7 32. Rc1 Nxa3 33. Nf3 Qg7 34. Nh4
Nc4 35. Qf3 Qxg5 36. Rd1 Qg4 37. Qxd5 Bc6 38. Qxc6 Qxd1+ 39. Kg2 Qe2 40. Kh3
Qf1+ 41. Kh2 Qxf2+ {White resigns} 0-1

[Event "Team 45 45 League T27"]
[Site "Internet Chess Club"]
[Date "2005.07.01"]
[Round "3"]
[White "Amauta"]
[Black "lastmanstanding"]
[Result "1/2-1/2"]
[WhiteElo "1996"]
[BlackElo "1943"]
[TimeControl "2700+45"]

1. e4 e6 2. d4 d5 3. e5 c5 4. Nf3 Nc6 5. Be2 cxd4 6. O-O Nge7 7. Re1 Ng6 8. Bb5
Bd7 9. Bxc6 bxc6 10. Qxd4 Qb6 11. Qd2 Be7 12. a3 O-O 13. Nc3 c5 14. Rb1 Bc6 15.
Qd3 c4 16. Qd1 Bc5 17. Be3 Nxe5 18. Nxe5 d4 19. b4 cxb3 20. Rxb3 dxe3 21. Rxb6
exf2+ 22. Kf1 fxe1=Q+ 23. Kxe1 axb6 24. Nxc6 Rxa3 25. Nb5 Ra4 26. Qd7 Rfa8 27.
Nd8 Re4+ 28. Kd2 Rf4 29. Qe8+ Bf8 30. Ke3 g5 31. Nd6 Ra3+ 32. Ke2 Ra7 33. g3 Re7
34. Qb5 Rg4 35. Nc6 Rc7 36. Ne8 Re4+ 37. Kf3 Rxc6 38. Qxc6 Rb4 39. Qc7 Bc5 40.
Nd6 Bxd6 41. Qxd6 Rb5 42. g4 h6 43. c4 Rc5 44. Qd3 f5 45. Qd8+ Kf7 46. Qd7+ Kf6
47. Qd4+ Kg6 48. h3 h5 49. Ke3 hxg4 50. hxg4 fxg4 51. Qxg4 Kf6 52. Qd4+ Kf5 53.
Qe4+ Kf6 54. Kd3 e5 55. Qa8 Kf5 56. Qd8 Rc6 57. Qd7+ Re6 58. Ke3 e4 59. Qf7+ Ke5
60. Qg7+ Kf5 61. Qh7+ Kf6 62. Qh6+ Kf5 63. Qh7+ Kf6 64. Qd7 Ke5 65. Qd8 Kf5 66.
Qd7 Ke5 67. Qg7+ Kf5 68. Qf7+ Ke5 69. Qg7+ {Game drawn by repetition} 1/2-1/2

[Event "Team 45 45 League T27"]
[Site "Internet Chess Club"]
[Date "2005.06.30"]
[Round "3"]
[White "Quoyle"]
[Black "quangliem"]
[Result "1-0"]
[WhiteElo "2425"]
[BlackElo "2301"]
[TimeControl "2700+45"]

1. d4 d5 2. c4 c6 3. Nc3 Nf6 4. cxd5 cxd5 5. Bf4 Nc6 6. e3 Bf5 7. Nf3 e6 8. Qb3
Bb4 9. Bb5 O-O 10. O-O Bxc3 11. Qxc3 Rc8 12. Rfc1 a6 13. Bxc6 Rxc6 14. Qa3 Qc8
15. b3 Ne4 16. Ne5 Rc2 17. f3 Nc3 18. Rxc2 Bxc2 19. Re1 g5 20. Bg3 h5 21. Qe7 f6
22. Nd7 Qd8 23. Qxf8+ Qxf8 24. Nxf8 Kxf8 25. Ra1 Ke7 26. Be1 Nb5 27. Rc1 Bf5 28.
a4 Nd6 29. Rc7+ Kd8 30. Ba5 Ke8 31. Bb4 {Black resigns} 1-0

[Event "Team 45 45 League T27"]
[Site "Internet Chess Club"]
[Date "2005.07.02"]
[Round "3"]
[White "DeepHmmm"]
[Black "megamaster"]
[Result "1/2-1/2"]
[WhiteElo "2174"]
[BlackElo "2249"]
[TimeControl "2700+45"]

1. e4 c5 2. Nf3 d6 3. d4 cxd4 4. Nxd4 Nf6 5. Nc3 a6 6. Be3 e6 7. f3 Be7 8. Qd2
O-O 9. O-O-O b5 10. g4 Bb7 11. g5 Nfd7 12. h4 Ne5 13. Kb1 Qc7 14. h5 b4 15. Na4
Qa5 16. b3 d5 17. Nc6 Nbxc6 18. Bb6 Nxf3 19. Qf4 Bxg5 20. Qg3 Qxa4 21. bxa4 Nd2+
22. Rxd2 Bxd2 23. exd5 exd5 24. Rg1 Bc3 25. Bd3 Rfe8 26. a3 Be5 27. Qf2 bxa3 28.
Bc5 Bc8 29. Ka2 Be6 30. Bf5 Rab8 31. Bxe6 fxe6 32. Kxa3 Na5 33. Bd4 Nc4+ 34. Ka2
Rf8 35. Qh4 Rb7 36. h6 Bxd4 37. Qxd4 g6 38. Rb1 Rd7 39. Qg4 Re8 40. Re1 Rde7 41.
Qd4 Rb7 42. Rxe6 Rxe6 43. Qxd5 Rb6 44. Qxc4 Rc6 45. Qd4 Re7 46. Qd8+ Kf7 47. Qh8
Ke6 48. c4 Rec7 49. Qg8+ Kf5 50. Qd5+ Kg4 51. Qg2+ Kh5 52. Qh3+ Kg5 53. Qe3+ Kf5
54. Qf3+ Kg5 {Game drawn by mutual agreement} 1/2-1/2

[Event "Team 45 45 League T27"]
[Site "Internet Chess Club"]
[Date "2005.07.03"]
[Round "3"]
[White "MiroslavR"]
[Black "Knight77"]
[Result "1-0"]
[WhiteElo "2019"]
[BlackElo "1819"]
[TimeControl "2700+45"]

1. e4 e6 2. d4 d5 3. Nc3 Nf6 4. e5 Nfd7 5. f4 c5 6. Nf3 Nc6 7. Be3 a6 8. Qd2 b5
9. dxc5 Nxc5 10. a3 b4 11. axb4 Nxb4 12. Qf2 Nd7 13. Na4 Bb7 14. c3 Nc6 15. Bd3
Be7 16. O-O O-O 17. Qg3 f5 18. h4 h6 19. h5 Rf7 20. Qf2 Na5 21. Nb6 Nb3 22. Nxa8
Nxa1 23. Rxa1 Qxa8 24. b4 Qc8 25. Bd2 Nb8 26. Nd4 Bf8 27. Qe2 Rc7 28. g4 Nc6 29.
gxf5 Nxd4 30. cxd4 exf5 31. e6 Be7 32. Bxf5 Qf8 33. Qg4 Qf6 34. Be3 Bxb4 35. Qg6
Qxg6+ 36. Bxg6 a5 37. f5 Kf8 38. f6 gxf6 39. Bxh6+ Ke7 40. Bf7 Bc8 41. Bf4 Rc3
42. Bd2 Rb3 43. Bxb4+ axb4 44. Ra7+ Kf8 45. h6 Rc3 46. h7 Rh3 47. Ra8 b3 48.
Rxc8+ Kg7 49. Rg8+ Kxh7 50. e7 Re3 51. e8=Q Rxe8 52. Rxe8 b2 53. Rb8 {Black
resigns} 1-0

[Event "Team 45 45 League T27"]
[Site "Internet Chess Club"]
[Date "2005.07.02"]
[Round "3"]
[White "Solomons"]
[Black "WFN2"]
[Result "0-1"]
[WhiteElo "2499"]
[BlackElo "2231"]
[TimeControl "2700+45"]

1. e4 e6 2. d4 d5 3. Nd2 Nc6 4. Ngf3 Nf6 5. e5 Nd7 6. c3 f6 7. exf6 Qxf6 8. Nb3
Bd6 9. Bg5 Qf7 10. Bb5 O-O 11. Be3 e5 12. dxe5 Ndxe5 13. Ng5 Qg6 14. Qxd5+ Kh8
15. h4 Bg4 16. h5 Bxh5 17. Be2 Bxe2 18. Rxh7+ Qxh7 19. Nxh7 Bc4 20. Qe4 Bd3 21.
Qh4 Bxh7 22. Ke2 Kg8 23. Rh1 Bg6 24. f4 Nd3 25. f5 Bxf5 26. g4 Bg6 27. Nd4 Nxd4+
28. Bxd4 Rae8+ 29. Kd1 Nxb2+ 30. Kc1 Nd3+ 31. Kd1 Be5 32. Qh8+ Kf7 33. Rf1+ Ke7
34. Qh4+ Ke6 35. Rxf8 Rxf8 36. Kc2 c5 37. Be3 Bf4 38. Bxf4 Rxf4 39. Qd8 Ne5+ 40.
Kb3 c4+ 41. Ka3 Rxg4 42. Qc8+ Kf6 43. Qxb7 Be4 44. Qxa7 Rg2 45. Qd4 Kf5 46. Qd8
g5 47. Qf8+ Kg4 48. Qf6 Nd3 49. Qe6+ Kf3 50. Qf7+ Nf4 51. Qxc4 Bd5 52. Qf1+ Rf2
53. Qh1+ Kg4 54. Qd1+ Kh3 55. Kb4 g4 56. c4 Bf3 57. Qd4 Kg3 58. a4 Ne2 59. Qd6+
Kg2 60. c5 g3 61. c6 Bxc6 62. Qxc6+ Kg1 63. a5 g2 64. a6 Rf4+ 65. Ka5 Kf2 66. a7
g1=Q 67. a8=Q Qa1+ 68. Kb6 Qb2+ 69. Ka6 Qa3+ 70. Kb6 Qb3+ 71. Ka6 Qa3+ 72. Kb6
Qb3+ 73. Ka5 Rf5+ 74. Ka6 Qa3+ 75. Kb6 Qb4+ 76. Kc7 Rf7+ 77. Kc8 Qf8+ {White
resigns} 0-1

[Event "Team 45 45 League T27"]
[Site "Internet Chess Club"]
[Date "2005.07.01"]
[Round "3"]
[White "CogitoErgoSum"]
[Black "NightShift"]
[Result "0-1"]
[WhiteElo "1857"]
[BlackElo "2319"]
[TimeControl "2700+45"]

1. e4 d5 2. exd5 Nf6 3. c4 c6 4. dxc6 Nxc6 5. Nf3 e5 6. d3 e4 7. Ng5 Bb4+ 8. Bd2
exd3 9. Bxb4 Nxb4 10. Qa4+ Nc6 11. Qa3 Bf5 12. Nd2 Rc8 13. Qc5 Qa5 14. Qxa5 Nxa5
15. b3 Nc6 16. O-O-O O-O 17. Ngf3 Ng4 18. Re1 Nxf2 19. Rg1 Rfe8 20. Rxe8+ Rxe8
21. h3 Nb4 22. a3 Nc2 23. g4 Bg6 24. h4 Ne1 25. h5 Nxf3 26. Nxf3 Be4 27. Nd2 Bc6
28. Rg3 Re1+ 29. Kb2 Rd1 {White resigns} 0-1

[Event "Team 45 45 League T27"]
[Site "Internet Chess Club"]
[Date "2005.06.30"]
[Round "3"]
[White "JDD"]
[Black "azbycx"]
[Result "1-0"]
[WhiteElo "1677"]
[BlackElo "1833"]
[TimeControl "2700+45"]

1. c4 e5 2. Nc3 Nf6 3. e4 Bc5 4. d3 d6 5. Be2 Be6 6. Be3 Bxe3 7. fxe3 c6 8. Nf3
Qb6 9. Qd2 Nbd7 10. d4 Bg4 11. d5 Nc5 12. Qc2 Bh5 13. Nh4 Bxe2 14. Kxe2 g6 15.
Rhf1 Qd8 16. g3 a5 17. Rf3 O-O 18. h3 Nh5 19. Ng2 Qg5 20. g4 f5 21. exf5 gxf5
22. gxh5 Qxg2+ 23. Rf2 Qxh3 24. Rg1+ Kh8 25. Rg5 e4 26. Nd1 h6 27. Qc3+ {Black
resigns} 1-0

[Event "Team 45 45 League T27"]
[Site "Internet Chess Club"]
[Date "2005.07.01"]
[Round "3"]
[White "steve"]
[Black "Smart"]
[Result "1-0"]
[WhiteElo "1925"]
[BlackElo "1611"]
[TimeControl "2700+45"]

1. e4 d6 2. d4 Nf6 3. Nc3 g6 4. Be3 Bg7 5. f3 c6 6. Qd2 b5 7. Bd3 Nbd7 8. Nge2
O-O 9. Bh6 a6 10. h4 c5 11. h5 c4 12. hxg6 cxd3 13. gxh7+ Kh8 14. Bxg7+ Kxg7 15.
h8=Q+ Rxh8 16. Qg5+ Kf8 17. Rxh8+ {Black resigns} 1-0

[Event "Team 45 45 League T27"]
[Site "Internet Chess Club"]
[Date "2005.07.04"]
[Round "3"]
[White "Pilgrim"]
[Black "Lizaveta"]
[Result "1-0"]
[WhiteElo "1502"]
[BlackElo "1467"]
[TimeControl "2700+45"]

1. e4 e5 2. Nf3 Nc6 3. Bb5 a6 4. Ba4 Nf6 5. O-O Be7 6. c3 b5 7. Bc2 O-O 8. d4 d6
9. Nbd2 exd4 10. Nxd4 Nxd4 11. cxd4 c5 12. e5 Nd5 13. Be4 Bb7 14. Re1 dxe5 15.
dxe5 Qc7 16. Nf3 Rad8 17. Qc2 Nb4 18. Bxh7+ Kh8 19. Qf5 Bxf3 20. Qh3 Bg4 21.
Qxg4 Kxh7 22. Re3 Rh8 23. e6 fxe6 24. Rh3+ Kg8 25. Qxe6+ Kf8 26. Rxh8# {Black
checkmated} 1-0

[Event "Team 45 45 League T27"]
[Site "Internet Chess Club"]
[Date "2005.07.03"]
[Round "3"]
[White "moreffee"]
[Black "rabanito"]
[Result "0-1"]
[WhiteElo "1428"]
[BlackElo "1431"]
[TimeControl "2700+45"]

1. e4 e5 2. Nf3 Nc6 3. Bb5 a6 4. Ba4 Nf6 5. O-O Be7 6. Re1 b5 7. Bb3 d6 8. c3
O-O 9. h3 Na5 10. Bc2 c5 11. d4 Qc7 12. d5 Bd7 13. Nbd2 Rac8 14. Nf1 b4 15. cxb4
cxb4 16. b3 Qxc2 17. Qxc2 Rxc2 18. Ne3 Rcc8 19. Bd2 Rb8 20. Nc2 Nb7 21. Nxb4 Nc5
22. Rac1 Nfxe4 23. Nxa6 Nxd2 24. Nxb8 Nxf3+ 25. gxf3 Rxb8 26. Rc2 Bxh3 27. f4
Bf5 28. Rxc5 dxc5 29. Rxe5 Bb1 30. Rxe7 Bxa2 31. d6 Kf8 32. Rc7 Ke8 33. Rxc5
Bxb3 34. Rc7 Be6 35. Re7+ Kf8 36. Rc7 Rd8 37. Rc6 Ke8 38. Rb6 Kd7 39. Rb2 Kxd6
40. Rd2+ Ke7 41. Rxd8 Kxd8 42. Kh2 Ke7 43. Kg3 Kf6 44. Kh4 Kf5 45. Kg3 Kg6 46.
Kh4 Bf5 47. Kg3 Kh5 48. Kf3 Kh4 49. Ke3 Kg4 50. f3+ Kg3 51. Kd4 h5 52. Ke5 g6
53. Kf6 h4 54. Kxf7 h3 55. Kf6 h2 56. Kg5 h1=Q 57. Kf6 Qxf3 58. Kg7 Qxf4 59. Kf6
Kf2 60. Kg7 g5 61. Kf6 g4 62. Kg7 g3 63. Kg8 g2 64. Kh8 Bc8 65. Kh7 Qh4+ 66. Kg6
g1=Q+ 67. Kf7 Qh6 68. Ke7 Qgg7+ 69. Kd8 Qhh8# {White checkmated} 0-1